 Dungeon Crawl Stone Soup version 0.28-a0-1233-g92def6ad0a (webtiles) character file.

Game seed: 3817321526370155458

64 Lekart the Skirmisher (level 3, -1/33 HPs)
             Began as a Draconian Chaos Knight on Dec 23, 2021.
             Was a Plaything of Xom.
             Slain by a gnoll (2 damage)
             ... on level 2 of the Dungeon.
             The game lasted 00:01:12 (1155 turns).

Lekart the Skirmisher (Draconian Chaos Knight)      Turns: 1155, Time: 00:01:12

Health: -1/33      AC:  5    Str: 16    XL:     3   Next: 91%
Magic:  3/3        EV: 12    Int: 12    God:    Xom [......]
Gold:   122        SH:  0    Dex: 12    Spells: 2/2 levels left

rFire   . . .      SeeInvis .   a - +0 hand axe (chaos)
rCold   . . .      Faith    .   (no shield)
rNeg    . . .      Spirit   .   (armour unavailable)
rPois   .          Reflect  .   (helmet restricted)
rElec   .          Harm     .   (no cloak)
rCorr   .          Rampage  .   (no gloves)
Will    .....                   (no boots)
Stlth   +.........              (no amulet)
HPRegen 0.11/turn               (no ring)
MPRegen 0.08/turn               (no ring)

@: brilliant, flying, invisible, unable to read
A: AC +5, unfitting armour, cold-blooded, antennae 1, big wings, strong 1,
inability to read while threatened
a: Renounce Religion


You were on level 2 of the Dungeon.
You worshipped Xom.
You were a very special plaything of Xom.
You visited 1 branch of the dungeon, and saw 2 of its levels.

You collected 122 gold pieces.

Inventory:

Hand Weapons
 a - a +0 hand axe of chaos (weapon)
Jewellery
 e - an amulet of magic regeneration
Scrolls
 c - a scroll of identify {unknown}
 f - a scroll of vulnerability {unknown}
 g - a scroll of teleportation {unknown}


   Skills:
 + Level 4.1 Fighting
 + Level 4.0 Axes
 + Level 2.4 Dodging


You had 2 spell levels left.
You didn't know any spells.
Your spell library was empty.

Dungeon Overview and Level Annotations

Branches:
Dungeon (2/15)

Altars:


Innate Abilities, Weirdness & Mutations

Your plain brown scales are hard. (AC +5)
You cannot fit into any form of body armour.
You are cold-blooded and may be slowed by cold attacks.
You have a pair of small antennae on your head.
Your large and strong wings let you fly.
Your muscles are strong. (Str +2)
You sometimes lose the ability to read scrolls when taking damage.


Message History

The gnoll shouts!
You slash the gnoll!
The gnoll flickers and vanishes!
Deactivating autopickup; reactivate with Ctrl-A.
You tail-slap something. You hit the endoplasm but do no damage.
Lightning courses through the endoplasm!
You kill the endoplasm!
The gnoll misses you. Something hits you!
You completely miss something. The gnoll barely misses you. Something hits you.
You feel threatened and lose the ability to read scrolls!
You hit something but do no damage. Something hits you.
The gnoll closely misses you.
You miss something.
You can read scrolls again.
Something hits you. The gnoll barely misses you.
It was a potion of flight.
You feel more buoyant. Something hits you.
You feel threatened and lose the ability to read scrolls!
The gnoll hits you but does no damage.
It was a potion of brilliance.
You feel clever all of a sudden.
Xom thinks this is hilarious!
You can read scrolls again.
Something hits you.
You feel threatened and lose the ability to read scrolls!
The gnoll hits you from afar with a +0 spear.
* * * LOW HITPOINT WARNING * * *
"Over there now!"
The gnoll blinks!
You can read scrolls again.
The gnoll barely misses you.
The gnoll hits you from afar with a +0 spear!
You feel threatened and lose the ability to read scrolls!
* * * LOW HITPOINT WARNING * * *
You cannot read scrolls in your current state!
Okay, then.
You fade into invisibility!
Something hits you.
You die... "It was about time."

# ############
#...........
#############...........
......!@{g..............
#############...........
#...........
#)..........
.ยง.......|...
..#########'# ... #.#
...# #.# .... #.#


You could see a gnoll.

Vanquished Creatures
  An iguana (D:2)
  A gnoll (D:2)
  2 dart slugs (D:2)
  2 ball pythons (D:1)
  4 bats
  2 endoplasms
  3 giant cockroaches (D:1)
  3 goblins (D:1)
  A hobgoblin (D:1)
  2 kobolds (D:1)
  4 rats
25 creatures vanquished.

Notes
Turn   | Place    | Note
-------+----------+-------------------------------------------
     0 | D:1      | Lekart the Draconian Chaos Knight began the quest for the
                  | Orb.
     0 | D:1      | Reached XP level 1. HP: 19/19 MP: 1/1
    96 | D:1      | XOM: potion effect (brilliance)
   261 | D:1      | XOM: divination: magic mapping
   308 | D:1      | XOM: 4-stop teleportation journey
   355 | D:1      | Reached XP level 2. HP: 20/26 MP: 2/2
   436 | D:1      | XOM: god gift: 42 gold pieces
   494 | D:1      | XOM: give mutations
   494 | D:1      | Gained mutation: Your large and strong wings let you fly.
                  | [Xom's mischief]
   494 | D:1      | Gained mutation: You sometimes lose the ability to read
                  | scrolls when taking damage. [Xom's mischief]
   607 | D:1      | Found a faded altar of an unknown god.
   957 | D:1      | XOM: give mutations
   957 | D:1      | Gained mutation: Your muscles are strong. (Str +2) [Xom's
                  | grace]
   957 | D:1      | Gained mutation: You have a pair of small antennae on your
                  | head. [Xom's grace]
   991 | D:2      | XOM: butterfly on damage
   996 | D:2      | Reached XP level 3. HP: 24/33 MP: 3/3
  1148 | D:2      | XOM: blink monster(s)
  1150 | D:2      | HP: 1/33 [gnoll (7)]
  1155 | D:2      | Slain by a gnoll

Illustrated notes

Levels and vault maps discovered:
D:1:      psy_arrival_conway, layout_loops_ring, ebering_ecumenical_altar_hall,
          hangedman_feature_mirror
D:2:      layout_basic, uniq_jessica

Skill      XL: |  1  2  3 |
---------------+----------+-----
Fighting       | 4 |  4.1
Axes           | 4 |  4.0
Dodging        | |  2.4

Action                   || total
-------------------------++-------
Melee: Hand axe          ||    72
       Tailslap          ||     7
  Use: Potion            ||     5
Armor: Skin              ||    27
Dodge: Dodged            ||    47

Table legend: (Time is in decaauts)
 A = Elapsed time spent in this place.
 B = Non-inter-level travel time spent in this place.
 C = Inter-level travel time spent in this place.
 D = Time resting spent in this place.
 E = Time spent auto-exploring this place.
 F = Levels seen in this place.
 G = Mean time per level.
                   A        B        C        D        E       F      G
               +--------+--------+--------+--------+--------+-----+--------+
         Total |   1166 |   1102 |     64 |      0 |    911 |   2 |  583.0 |
       Dungeon |   1166 |   1102 |     64 |      0 |    911 |   2 |  583.0 |
               +--------+--------+--------+--------+--------+-----+--------+

Top non-repeatable levels by time:
     D:1: 988 daAuts
     D:2: 177 daAuts
